 Dungeon Crawl Stone Soup version 0.27.1-4-g1640c2035a (webtiles) character file.

Game seed: 10960092067841783382

25 BinkBink the Vandal (level 2, -3/25 HPs)
             Began as a Minotaur Hunter on Nov 1, 2021.
             Slain by Natasha (6 damage)
             ... on level 1 of the Dungeon.
             The game lasted 00:02:26 (1249 turns).

BinkBink the Vandal (Minotaur Hunter)               Turns: 1249, Time: 00:02:27

Health: -3/25      AC:  3    Str: 16    XL:     2   Next: 82%
Magic:  1/1        EV: 11    Int:  8    God:
Gold:   51         SH:  0    Dex: 10    Spells: 1/1 levels left

rFire    . . .     SeeInvis .   b - +0 short sword
rCold    . . .     Faith    .   (no shield)
rNeg     . . .     Spirit   .   c - +0 leather armour
rPois    .         Reflect  .   (helmet restricted)
rElec    .         Harm     .   (no cloak)
rCorr    .         Rampage  .   (no gloves)
Will     .....                  (no boots)
Stlth    +.........             (no amulet)
HPRegen  0.08/turn              (no ring)
MPRegen  0.07/turn              (no ring)

@: slowed, very slow
A: horns 2, retaliatory headbutt
a: no special abilities


You were on level 1 of the Dungeon.
You visited 1 branch of the dungeon, and saw 2 of its levels.

You collected 51 gold pieces.

Inventory:

Hand Weapons
 a - a +1 hunting sling
 b - a +0 short sword (weapon)
Missiles
 d - 2 sling bullets
 h - 24 stones
Armour
 c - a +0 leather armour (worn)
 e - a +0 scale mail
Scrolls
 f - a scroll of magic mapping {unknown}
 g - a scroll of immolation {unknown}
 i - a scroll of vulnerability {unknown}
 j - a scroll of teleportation {unknown}
Potions
 k - a potion of attraction {unknown}


   Skills:
 + Level 2.5 Fighting
 + Level 5.3 Slings
 + Level 2.1 Dodging
 + Level 0.9 Stealth


You had one spell level left.
You didn't know any spells.
Your spell library was empty.

Dungeon Overview and Level Annotations

Branches:
Dungeon (2/15)

Altars:

Annotations:
D:1 Natasha


Innate Abilities, Weirdness & Mutations

You have a pair of horns on your head.
You reflexively headbutt those who attack you in melee.


Message History

You kill the kobold!
You shoot a sling bullet.
The sling bullet closely misses Natasha.
Natasha casts a spell.
You shoot a sling bullet.
The sling bullet misses the crimson imp.
You shoot a sling bullet.
The sling bullet hits Natasha but does no damage.
Natasha casts a spell at you.
You feel yourself slow down.
You shoot a sling bullet.
The sling bullet barely misses the crimson imp.
The crimson imp misses you. Natasha claws you.
The crimson imp barely misses you. You furiously retaliate!
You headbutt the crimson imp. You shoot a sling bullet.
The sling bullet hits the crimson imp!
The crimson imp is almost dead.
Natasha claws you.
The crimson imp blinks!
Natasha stares at you and mumbles some strange words.
You feel as though you will be slow longer.
You shoot a sling bullet. The sling bullet barely misses Natasha.
The crimson imp blinks!
Natasha claws you but does no damage.
The crimson imp blinks!
You shoot a sling bullet.
The sling bullet completely misses Natasha.
Natasha misses you. Natasha claws you.
You shoot a sling bullet. The sling bullet hits Natasha.
Natasha is lightly wounded.
Natasha claws you. Natasha barely misses you.
You climb upwards.
The crimson imp disappears in a puff of smoke!
There is a stone staircase leading down here.
b - a +0 short sword (weapon)
Natasha claws you.
* * * LOW HITPOINT WARNING * * *
You hit Natasha.
Natasha is moderately wounded.
Natasha claws you.
You die...

≈≈≈≈≈≈≈≈≈.)........###P...[.P##
#
≈≈≈≈≈≈≈≈≈≈.........##P..P≈P..P#
#
≈≈≈≈≈≈≈≈≈...........##..≈≈≈..##
#
≈≈≈≈≈≈≈≈..#........####P...P##
# ≈≈≈≈≈≈≈..##........# ###.###
# ≈≈≈≈≈≈..#..........# #P##.P#
# .≈≈≈...##.##.......# ##...P##
# .....####.##.....h.# #.P####
#
#########.##....@..###..#######
#
...........'.....[.'..........#
#
#########.##.......##########.#
# #########.##.......# #.# #
..........########## #.# #
########### #.# # #.### #....
#####


You could see Natasha.

Vanquished Creatures
  A worm (D:1)
  A dart slug (D:1)
  2 endoplasms (D:1)
  A giant cockroach (D:1)
  2 goblins (D:1)
  3 hobgoblins
  4 bats (D:1)
  A frilled lizard (D:1)
  4 kobolds
  2 rats (D:1)
21 creatures vanquished.

Notes
Turn   | Place    | Note
-------+----------+-------------------------------------------
     0 | D:1      | BinkBink the Minotaur Hunter began the quest for the Orb.
     0 | D:1      | Reached XP level 1. HP: 18/18 MP: 0/0
   182 | D:1      | Found a faded altar of an unknown god.
   413 | D:1      | Reached XP level 2. HP: 25/25 MP: 1/1
   502 | D:1      | Reached skill level 5 in Slings
   946 | D:2      | Noticed Natasha
  1063 | D:2      | Noticed a crimson imp
  1239 | D:2      | Noticed a crimson imp
  1249 | D:1      | Slain by Natasha

Illustrated notes

Levels and vault maps discovered:
D:1:      minmay_arrival_shoal_huts, layout_basic,
          dreamdust_ecumenical_altar_hidden_monk_grotto
D:2:      wad_lake_hut, layout_rooms, uniq_natasha

Skill      XL: |  1  2 |
---------------+-------+-----
Slings         | 5 |  5.3
Fighting       | |  2.5
Dodging        | |  2.1
Stealth        | |  0.9

Action                   || total
-------------------------++-------
Melee: Short sword       ||     1
 Fire: Hunting sling     ||    67
Armor: Leather armour    ||     8
Dodge: Dodged            ||    11
